Map: Deathaura LE

Players

ShoWTimE

  • Race: Protoss Protoss
  • Spawn Location: 11:00

maru - Winner!

  • Race: Terran Terran
  • Spawn Location: 5:00

Event: ASUS ROG Online 2020

VOD

https://www.youtube.com/watch?v=cm_cx1hera8

Description

Time

  • Played on: Nov. 29, 2020, 7:30 a.m.
  • Length: 19:01

All games in this series

Show
View Real Time Build Order
Export as new Build Order

ShoWTimE Protoss 

Build Orders: 1 Gate Expand, Phoenix Opening, Blink Stalkers, Zealot Archon 

Get SALT Encoding   

  12  0:00  Probe  
  13  0:12  Probe  
  14  0:17  Pylon  
  14  0:24  Probe (Chrono Boost)  
  15  0:36  Probe (Chrono Boost)  
  15  0:38  Gateway  
  16  0:45  Probe (Chrono Boost)  
  16  0:48  Assimilator  
  17  0:51  Probe  
  18  1:03  Probe  
  19  1:15  Probe  
  20  1:25  Cybernetics Core  
  20  1:34  Nexus  
  20  1:36  Probe  
  21  1:43  Pylon  
  21  1:48  Probe  
  21  1:51  Assimilator  
  22  1:59  Adept (Chrono Boost)  
  22  2:00  Probe (Chrono Boost)  
  23  2:04  Warp Gate  
  25  2:13  Probe (Chrono Boost)  
  26  2:19  Probe (Chrono Boost)  
  27  2:23  Sentry  
  27  2:28  Probe  
  30  2:42  Twilight Council  
  30  2:43  Probe (Chrono Boost)  
  31  2:46  Probe (Chrono Boost)  
  32  2:51  Stalker  
  32  2:56  Probe (Chrono Boost)  
  32  2:57  Probe (Chrono Boost)  
  36  2:58  Phoenix, Gateway  
  36  3:01  Probe (Chrono Boost)  
  36  3:05  Probe  
  38  3:13  Blink (Chrono Boost), Probe  
  38  3:16  Pylon  
  38  3:17  Probe  
  40  3:25  Probe  
  41  3:29  Probe  
  42  3:37  Robotics Facility, Probe  
  44  3:41  Probe  
  44  3:49  Pylon, Probe  
  44  3:52  Stalker  
  44  3:53  Probe  
  48  3:55  Assimilator  
  48  3:56  Stalker  
  48  4:01  Probe  
  51  4:05  Probe  
  51  4:08  Shield Battery  
  52  4:15  Stalker  
  52  4:16  Probe  
  55  4:17  Probe  
  55  4:22  Stalker  
  58  4:28  Probe  
  58  4:29  Probe  
  58  4:33  Phoenix  
  58  4:36  Pylon  
  58  4:37  Forge  
  58  4:40  Probe, Observer  
  58  4:41  Probe  
  61  4:51  Nexus  
  61  4:52  Pylon  
  61  4:53  Probe  
  61  4:55  Probe  
  63  5:02  Assimilator  
  63  5:04  Observer  
  63  5:05  Charge  
  64  5:08  Probe (Chrono Boost)  
  64  5:10  Protoss Ground Armor Level 1 (Chrono Boost)  
  64  5:11  Probe (Chrono Boost)  
  64  5:14  Gateway, Pylon  
  66  5:15  Gateway  
  66  5:20  Probe (Chrono Boost)  
  68  5:24  Probe (Chrono Boost)  
  68  5:25  Probe (Chrono Boost)  
  69  5:31  Forge  
  69  5:32  Probe  
  69  5:34  Probe  
  71  5:37  Pylon  
  71  5:38  Templar Archives  
  71  5:46  Probe (Chrono Boost)  
  71  5:48  Probe (Chrono Boost)  
  73  5:52  Gateway  
  73  5:53  Sentry, Observer  
  73  5:54  Gateway  
  73  5:56  Probe (Chrono Boost)  
  78  6:00  Gateway, Probe (Chrono Boost)  
  78  6:02  Probe (Chrono Boost)  
  78  6:03  Probe (Chrono Boost)  
  80  6:05  Assimilator  
  80  6:08  Psionic Storm, Assimilator  
  81  6:13  Gateway, Probe (Chrono Boost)  
  81  6:14  Probe x2 (Chrono Boost)  
  81  6:16  Protoss Ground Weapons Level 1 (Chrono Boost)  
  81  6:18  Probe (Chrono Boost)  
  83  6:19  Probe (Chrono Boost)  
  83  6:20  Probe  
  83  6:23  Pylon  
  86  6:27  Pylon  
  86  6:29  High Templar  
  86  6:32  Shield Battery  
  88  6:40  High Templar  
  88  6:42  Pylon  
  88  6:43  Zealot x2  
  94  6:51  Immortal  
  94  6:52  Nexus  
  98  6:55  Pylon  
  98  6:56  Probe x2  
  98  6:57  Probe  
  101  7:08  Probe x2  
  101  7:09  Probe  
  101  7:10  High Templar x2  
  101  7:12  Protoss Ground Armor Level 2 (Chrono Boost)  
  101  7:13  Zealot x5  
  118  7:22  Pylon, Probe x2  
  120  7:23  Probe  
  120  7:29  High Templar  
  123  7:33  Gateway  
  123  7:34  Gateway, Probe  
  123  7:35  Warp Prism (Chrono Boost), Probe x2  
  128  7:47  High Templar  
  128  7:48  High Templar  
  128  7:50  Zealot x3  
  128  7:51  Zealot x2  
  142  7:53  Archon  
  142  7:59  Pylon  
  142  8:00  Pylon  
  142  8:01  Pylon  
  142  8:04  Photon Cannon  
  142  8:05  Observer  
  142  8:07  Shield Battery  
  142  8:09  High Templar  
  142  8:11  Zealot x2, High Templar  
  150  8:12  Protoss Ground Weapons Level 2 (Chrono Boost)  
  150  8:16  Archon  
  150  8:22  Zealot x4  
  156  8:29  Stalker x2  
  156  8:32  Zealot x2  
  160  8:43  Probe x3  
  157  8:49  Probe  
  157  8:51  Observer  
  155  8:55  Probe  
  155  8:56  Probe  
  155  8:57  Photon Cannon x2  
  144  9:06  Probe  
  144  9:07  Zealot x6  
  144  9:08  Zealot x4  
  165  9:14  Probe, Photon Cannon  
  165  9:16  Probe  
  155  9:18  Probe  
  155  9:19  Probe  
  157  9:27  Probe  
  157  9:30  Probe x2  
  159  9:32  Probe  
  159  9:33  Warp Prism (Chrono Boost)  
  162  9:39  High Templar x5, Probe  
  162  9:41  High Templar  
  162  9:42  Protoss Ground Armor Level 3 (Chrono Boost)  
  162  9:44  Archon x2  
  162  9:45  Archon  
  173  9:47  Probe  
  173  9:48  Probe  
  173  9:52  Photon Cannon  
  170  10:07  Zealot x4  
  170  10:13  Zealot x5  
  186  10:24  Protoss Ground Weapons Level 3 (Chrono Boost)  
  178  10:32  Probe  
  178  10:33  Probe x2  
  178  10:34  Robotics Bay  
  181  10:35  Robotics Facility  
  181  10:38  Pylon  
  181  10:39  Observer  
  181  10:47  Assimilator  
  181  10:48  Probe x2  
  183  10:51  Assimilator  
  183  10:53  High Templar  
  183  10:54  Observer, High Templar  
  187  11:01  Pylon  
  187  11:06  High Templar x2  
  187  11:07  Zealot x2  
  195  11:23  Disruptor x2 (Chrono Boost)  
  196  11:37  Nexus  
  196  11:39  Pylon  
  196  11:41  Dark Shrine  
  196  11:45  Photon Cannon  
  195  12:01  Disruptor x2  
  173  12:02  Nexus  
  173  12:05  Pylon  
  167  12:09  Zealot x10  
  177  12:31  Archon, Protoss Shields Level 1 (Chrono Boost)  
  177  12:33  Zealot x10  
  177  12:35  Probe x3  
  200  12:41  Disruptor x2  
  196  12:53  Shadow Stride (Chrono Boost)  
  196  12:55  Probe x2  
  196  12:56  Photon Cannon  
  196  12:57  Observer  
  194  13:03  Zealot x3  
  200  13:07  Pylon  
  200  13:16  Gravitic Boosters (Chrono Boost)  
  200  13:17  Photon Cannon  
  200  13:19  Photon Cannon  
  170  13:46  Zealot x6  
  170  13:47  Zealot  
  181  13:55  Nexus  
  179  13:56  Probe x2  
  179  13:57  Probe  
  179  14:00  Pylon  
  179  14:02  Dark Templar x3  
  176  14:16  Dark Templar x7  
  190  14:18  Probe x2  
  190  14:19  Probe  
  191  14:29  Disruptor x2  
  179  14:37  Dark Templar x3  
  173  14:44  Gateway  
  164  14:48  Dark Templar x7  
  164  14:50  Gateway  
  174  14:53  Gateway  
  174  14:55  Gateway  
  174  14:57  Gateway  
  168  15:05  Disruptor  
  168  15:06  Photon Cannon  
  162  15:08  Photon Cannon, Probe x2  
  162  15:09  Observer  
  162  15:13  Probe  
  162  15:14  Zealot x3, Probe  
  173  15:22  Probe  
  173  15:23  Probe x2 (Chrono Boost)  
  158  15:30  Observer  
  158  15:32  Zealot x3, Dark Templar x4  
  158  15:33  Probe (Chrono Boost)  
  158  15:34  Probe x2 (Chrono Boost)  
  158  15:35  Probe (Chrono Boost)  
  177  15:36  Probe (Chrono Boost)  
  177  15:40  Probe (Chrono Boost)  
  179  15:44  Probe x2 (Chrono Boost)  
  179  15:45  Probe x3 (Chrono Boost)  
  179  15:48  Probe (Chrono Boost)  
  179  15:49  Probe x3 (Chrono Boost)  
  183  15:50  Probe x2 (Chrono Boost)  
  183  15:55  Observer x2  
  190  15:58  Probe  
  190  16:00  Probe x3  
  190  16:01  Probe x2  
  171  16:07  Zealot x4  
  171  16:10  Probe  
  148  16:12  Probe x3  
  148  16:17  Zealot x3  
  148  16:18  Zealot  
  122  16:29  Dark Templar x3  
  128  16:33  Stalker  
  128  16:36  Probe  
  128  16:37  Probe x3  
  128  16:39  Probe  
  135  16:47  Dark Templar x2  
  139  16:52  Stalker  
  141  16:56  Assimilator  
  141  17:00  Probe x3  
  139  17:17  Dark Templar x2  
  139  17:19  Zealot x5  
  139  17:20  Zealot x3  
  139  17:22  Probe x3  
  132  17:47  Stalker x3  
  132  17:48  Stalker  
  132  17:59  Pylon  
  132  18:02  Dark Templar  
  132  18:04  Zealot x2  
  138  18:11  Dark Templar x2  
  136  18:28  Pylon  
  136  18:33  Stalker x5  
Show
View Real Time Build Order
Export as new Build Order

maru Terran - Winner!

Build Orders: Reaper Expand 

Get SALT Encoding   

  12  0:00  SCV  
  13  0:12  SCV  
  14  0:17  Supply Depot  
  14  0:24  SCV  
  15  0:38  SCV  
  15  0:39  Barracks  
  16  0:42  Refinery  
  16  0:50  SCV  
  17  1:02  SCV  
  18  1:14  SCV  
  19  1:26  Reaper  
  19  1:27  Orbital Command  
  20  1:42  Command Center  
  20  1:51  Supply Depot  
  20  1:52  SCV  
  21  1:58  Marine  
  22  2:04  SCV  
  22  2:08  Factory  
  23  2:16  Bunker, SCV  
  23  2:20  Barracks Reactor  
  24  2:24  Refinery  
  24  2:28  SCV  
  25  2:41  SCV  
  26  2:55  Orbital Command  
  26  2:57  Starport, SCV  
  27  3:05  Hellion x2  
  31  3:09  SCV  
  32  3:13  Barracks Tech Lab  
  32  3:16  Supply Depot  
  32  3:20  SCV  
  32  3:21  SCV  
  32  3:26  Hellion  
  36  3:27  Hellion  
  36  3:33  Medivac  
  40  3:35  SCV x2  
  42  3:47  SCV x2  
  44  3:55  Siege Tank, Marine x2  
  47  3:58  Supply Depot  
  47  3:59  SCV  
  47  4:02  SCV  
  51  4:07  Starport Tech Lab  
  51  4:11  SCV  
  51  4:14  SCV  
  51  4:15  Command Center  
  53  4:23  SCV  
  52  4:27  SCV  
  52  4:28  Raven, Marine x2  
  55  4:35  SCV, Refinery  
  56  4:40  SCV  
  56  4:44  Siege Tank  
  60  4:46  Marine x2  
  60  4:47  Supply Depot  
  62  4:53  SCV  
  62  5:00  Supply Depot, Barracks  
  62  5:01  Barracks  
  62  5:04  Refinery  
  62  5:08  Marine x2  
  62  5:09  SCV  
  62  5:11  SCV  
  62  5:12  Engineering Bay  
  62  5:13  Engineering Bay  
  66  5:16  Siege Tank  
  66  5:21  SCV  
  70  5:24  SCV  
  70  5:27  Orbital Command  
  71  5:33  SCV  
  72  5:36  SCV  
  72  5:39  Barracks Tech Lab  
  72  5:41  Terran Infantry Armor Level 1, Terran Infantry Weapons Level 1  
  73  5:45  SCV  
  73  5:47  Orbital Command  
  73  5:48  SCV  
  75  5:50  Barracks Tech Lab  
  75  5:52  Siege Tank  
  75  5:56  Barracks  
  78  5:57  Barracks, SCV  
  78  6:02  Stimpack  
  78  6:03  Marine x3  
  78  6:04  SCV  
  83  6:09  SCV  
  84  6:11  Supply Depot  
  84  6:13  Supply Depot  
  84  6:14  SCV  
  84  6:15  Combat Shield, Supply Depot  
  84  6:16  SCV  
  86  6:21  SCV  
  87  6:27  Marauder x2, Marine x2  
  87  6:31  Starport Reactor  
  87  6:32  Supply Depot  
  93  6:33  SCV x3  
  93  6:35  Missile Turret  
  93  6:38  Supply Depot  
  96  6:45  SCV x2  
  102  6:47  SCV  
  102  6:49  Barracks Reactor, Barracks Tech Lab  
  97  6:56  Armory  
  97  6:57  SCV x2  
  97  6:59  Marauder x2  
  97  7:00  Marauder, Widow Mine x2  
  97  7:01  Concussive Shells  
  109  7:05  SCV  
  109  7:06  Refinery  
  109  7:07  Refinery  
  110  7:08  Bunker  
  110  7:09  Supply Depot, SCV  
  110  7:13  SCV  
  112  7:17  SCV  
  112  7:20  Marine x2  
  112  7:21  Widow Mine, SCV  
  112  7:22  Supply Depot, Widow Mine  
  120  7:23  Medivac x2  
  120  7:25  SCV  
  120  7:29  SCV  
  126  7:32  Supply Depot  
  126  7:33  SCV  
  127  7:41  Supply Depot, Marauder x3, Marine x3  
  137  7:45  Widow Mine  
  137  7:50  Command Center  
  137  7:55  Medivac x2  
  139  7:59  Marine  
  139  8:00  Missile Turret  
  139  8:05  Terran Infantry Armor Level 2, Missile Turret, Terran Infantry Weapons Level 2  
  144  8:12  Widow Mine  
  144  8:13  Widow Mine  
  144  8:14  Marauder x4, Marine  
  144  8:17  Marine  
  154  8:23  Barracks  
  154  8:24  Barracks  
  154  8:27  Barracks  
  154  8:31  Medivac x2  
  162  8:34  Widow Mine x2  
  162  8:35  Ghost Academy  
  162  8:45  Marine  
  162  8:46  Marauder  
  165  8:51  Supply Depot  
  165  9:00  Supply Depot  
  165  9:01  Marine  
  165  9:03  Marine  
  165  9:06  Medivac x2, Widow Mine x2  
  174  9:11  Supply Depot, Ghost x3  
  174  9:15  Enhanced Shockwaves  
  172  9:26  Barracks Tech Lab  
  172  9:27  Barracks Reactor, Barracks Tech Lab  
  172  9:28  Widow Mine, SCV x2  
  172  9:29  SCV  
  172  9:31  Planetary Fortress  
  175  9:36  Marauder, Marine x2  
  177  9:40  Marauder  
  177  9:44  Ghost, Marine  
  177  9:45  Marine  
  183  9:47  Marauder  
  183  9:53  Marine  
  183  9:54  Marine  
  183  9:57  Marauder  
  183  9:59  Widow Mine x2  
  189  10:01  Ghost  
  189  10:02  Marine x2  
  193  10:08  Ghost  
  193  10:14  Missile Turret  
  195  10:15  Sensor Tower  
  195  10:17  SCV x4, Refinery x2  
  195  10:18  Command Center  
  195  10:25  Ghost x2, Marine x2  
  199  10:29  SCV  
  200  10:54  Personal Cloaking  
  200  10:55  Command Center  
  200  10:57  Command Center  
  200  11:05  Missile Turret  
  200  11:07  Terran Infantry Weapons Level 3, Terran Infantry Armor Level 3  
  200  11:16  Terran Ship Weapons Level 1  
  198  11:33  Viking  
  200  11:43  Starport  
  200  11:45  Starport  
  198  12:03  Ghost  
  195  12:13  Ghost  
  197  12:17  Ghost x2  
  197  12:19  Nuke  
  199  12:28  Widow Mine  
  199  12:31  Starport Reactor x2, Fusion Core  
  199  12:32  Orbital Command x2  
  199  12:39  Planetary Fortress  
  199  12:45  Refinery  
  199  12:49  Ghost x2, Refinery, Marine x2  
  199  12:50  Marauder x3  
  200  12:53  Missile Turret  
  196  13:01  Widow Mine x2  
  198  13:23  Ghost Academy  
  197  13:31  Nuke  
  192  13:35  Ghost x3  
  192  13:36  Marauder x2, Marine x3  
  192  13:37  Marauder  
  192  13:40  Ghost Academy  
  196  13:42  Ghost Academy  
  196  13:46  Marine  
  189  13:56  Nuke  
  189  13:58  Marauder x3, Terran Ship Weapons Level 2  
  189  14:02  Fusion Core  
  195  14:03  Ghost  
  195  14:04  Ghost  
  195  14:10  Ghost  
  195  14:11  Marine  
  195  14:16  Nuke x2  
  196  14:18  Ghost  
  196  14:19  Marauder  
  196  14:21  Command Center x2  
  196  14:23  Command Center  
  198  14:27  Ghost  
  192  14:32  Ghost  
  185  14:41  Ghost  
  185  14:42  Ghost x2, Marine  
  185  14:43  Marine  
  187  14:48  Marauder  
  184  14:56  Marauder  
  178  15:01  Marauder, Marine  
  178  15:02  Marine x2  
  183  15:08  Ghost  
  183  15:09  Marine  
  183  15:10  Ghost  
  183  15:11  Marauder x2  
  183  15:13  Liberator x2  
  196  15:17  Marauder  
  196  15:19  Marine  
  192  15:22  Liberator  
  192  15:23  Marauder  
  192  15:24  Marine  
  198  15:29  Marine  
  198  15:30  Marine  
  198  15:31  Ghost  
  200  15:43  Orbital Command x2  
  200  15:44  Neosteel Armor  
  200  15:45  Hi-Sec Auto Tracking  
  196  15:51  Command Center  
  196  15:52  Nuke x4  
  196  16:01  Marauder  
  183  16:04  Marine  
  183  16:05  Marauder x2, Marine  
  183  16:09  Marine  
  183  16:10  Marauder  
  179  16:13  Marine  
  179  16:14  Marauder  
  179  16:16  Ghost  
  169  16:21  Ghost  
  169  16:22  Marine x2  
  169  16:25  Liberator x5  
  179  16:26  Marauder  
  179  16:27  Marauder, Marine  
  179  16:31  Marauder, Marine  
  196  16:35  Marauder  
  196  16:36  Planetary Fortress  
  198  16:40  Marine x2  
  198  16:44  Orbital Command  
  200  16:49  Command Center  
  200  16:50  Command Center  
  198  16:56  Ghost  
  200  17:04  Marauder  
  199  17:10  Ghost x2  
  199  17:14  Ghost x2  
  199  17:15  Marine x2  
  189  17:22  Marine x2  
  189  17:24  Ghost  
  189  17:26  Marauder  
  191  17:33  Marine x2  
  187  17:39  Marauder, Marine  
  187  17:40  Marine x2  
  187  17:44  Liberator, Marauder x2  
  188  17:47  Marauder  
  188  17:51  Marine x2  
  188  17:54  Missile Turret, Marauder  
  188  17:57  Marauder  
  188  17:58  Marine, Nuke x3  
  193  18:01  Marauder  
  194  18:11  Nuke  
  192  18:25  Marine x2  
  192  18:26  Marauder x2  
  187  18:39  Marauder x3, Marine x3  
  178  18:43  Marine x2  
Tags
 
Add a new tag
Caveats
  • Supply blocks, unpowered buildings, or Contaminate may cause inaccurate times.
  • Supply counts are checked every 10 seconds.